 Dungeon Crawl Stone Soup version 0.25-a0-246-g58704a1ebd (webtiles) character file.

Game seed: 3045903673244726334, levelgen mode: deterministic

921 wullow the Stinger (level 7, 0/88 HPs)
             Began as a Green Draconian Venom Mage on Dec 3, 2019.
             Splashed by a jelly's acid (2 damage)
             ... on level 6 of the Dungeon.
             The game lasted 00:23:53 (5883 turns).

wullow the Stinger (Green Draconian Venom Mage)     Turns: 5883, Time: 00:23:53

Health: 0/88       AC:  3    Str: 14    XL:     7   Next: 84%
Magic:  13/13      EV:  2    Int: 18    God:
Gold:   386        SH:  0    Dex: 13    Spells: 1/14 levels left

rFire    + . .     SeeInvis .   w - +3 falchion (flame)
rCold    . . .     Gourm    +   (no shield)
rNeg     + + +     Faith    .   (armour unavailable)
rPois    +         Spirit   .   (helmet currently unavailable)
rElec    .         Reflect  .   (cloak currently unavailable)
rCorr    .         Harm     .   (gloves currently unavailable)
MR       .....     Clarity  +   (boots currently unavailable) Stlth ++........NoTele +
                                k - amulet of the gourmand
HPRegen  0.24/turn              j - ring of protection from fire
MPRegen  0.13/turn              q - +4 ring of strength

@: tree-form, corroded
A: (breathe noxious fumes), unfitting armour, agile 1, clarity, deterioration 1,
AC +6
a: no special abilities


You were on level 6 of the Dungeon.
You were completely stuffed.
You were a tree.
You visited 1 branch of the dungeon, and saw 6 of its levels.

You collected 386 gold pieces.

Inventory:

Hand Weapons
 t - a +0 hunting sling
 w - a +3 falchion of flaming (weapon)
Missiles
 a - 122 stones (quivered)
 c - 14 poisoned darts
 f - 149 arrows
 u - 9 boomerangs
Jewellery
 j - a ring of protection from fire (left branch)
 k - an amulet of the gourmand (around neck)
 q - a +4 ring of strength (right branch)
Scrolls
 d - a scroll of enchant weapon
 e - 3 scrolls of teleportation
 g - a scroll of immolation {unknown}
 i - a scroll of enchant armour
 l - a scroll of noise {unknown}
 p - 2 scrolls of identify
 r - a scroll of blinking
 s - a scroll of fear {unknown}
Potions
 h - a potion of flight
 m - a potion of lignification
 n - a potion of haste
Comestibles
 b - 16 rations


   Skills:
 + Level 4.2 Fighting
 + Level 1.2 Long Blades
 - Level 1.7 Dodging
 - Level 1.7 Stealth
 + Level 4.3 Spellcasting
 - Level 2.0 Conjurations
 - Level 2.0 Transmutations
 + Level 1.9 Fire Magic
 - Level 3.0 Air Magic
 + Level 6.1 Poison Magic


You had one spell level left.
You knew the following spells:

 Your Spells              Type           Power        Failure   Level  Hunger
a - Sting                 Tmut/Pois      ###.         2%          1    None
b - Poisonous Vapours     Pois/Air       ###...       3%          2    ##.....
c - Mephitic Cloud        Conj/Pois/Air  ###.....     10%         3    ###....
d - Ignite Poison         Fire/Tmut/Pois ###.....     11%         3    ###....
e - Olgreb's Toxic Radia  Pois           ####....     12%         4    ####...

Your spell library contained the following spells:

 Spells                   Type           Power        Failure   Level  Hunger
 Shock                    Conj/Air       ##..         4%          1    None
 Summon Small Mammal      Summ           #...         14%         1    None
 Swiftness                Chrm/Air       #.......     12%         2    ##.....
 Static Discharge         Conj/Air       ##......     16%         3    ###....
 Call Imp                 Summ           #.......     22%         2    ##.....
 Call Canine Familiar     Summ           #.......     38%         3    ###....
 Summon Guardian Golem    Hex/Summ       #.......     38%         3    ###....
 Airstrike                Air            ##........   38%         4    ####...
 Summon Lightning Spire   Summ/Air       #.......     58%         4    ####...
 Summon Ice Beast         Ice/Summ       #.......     80%         4    ####...
 Lightning Bolt           Conj/Air       ##........   80%         5    ######.


Dungeon Overview and Level Annotations

Branches:
Dungeon (6/15)
 Temple: D:4-7

Altars:
Dithmenos
Elyvilon
Gozag
Makhleb
Ru
Trog
Uskayaw
Wu Jian

Annotations:
D:5 1 runed translucent door, vurker's ghost, novice TeAE


Innate Abilities, Weirdness & Mutations

((You can breathe blasts of noxious fumes.))
((Your lurid green scales are hard. (AC +6)))
You cannot fit into any form of body armour.
((Your system is resistant to poisons. (rPois)))
((You are cold-blooded and may be slowed by cold attacks.))
You are agile. (Dex +2)
You possess an exceptional clarity of mind.
Your body sometimes deteriorates upon taking damage.


Message History

You are splashed with acid!
* * * LOW HITPOINT WARNING * * *
You hit the jelly. You burn the jelly.
Your branches burn!
* * * LOW HITPOINT WARNING * * *
The jelly is moderately wounded.
The jelly hits you but does no damage.
You hit the jelly. You burn the jelly. The acid corrodes you!
Your branches burn!
* * * LOW HITPOINT WARNING * * *
The jelly is moderately wounded.
The jelly barely misses you.
You barely miss the jelly.
The jelly is moderately wounded.
The jelly hits you but does no damage.
You hit the jelly but do no damage.
Your branches burn!
* * * LOW HITPOINT WARNING * * *
The jelly is moderately wounded.
The jelly barely misses you. The jelly hits you but does no damage.
You hit the jelly but do no damage.
Your branches burn!
You die...

.........#....#.......#
##########....###....## #
#...........#....#.#
###...........#.##.#.#####
.##...........#.#=.......#
.######.#........###.###.#
.# #.#........+...# #.#
.######.#........##### #.#
........#......J♣'...# #.#
#.#######........###.# #.#
#.#....##........# #.# #.#
#.#....########### #.# #.#
..'....# #.###.# #.#....#
#..÷..# #.#....# #######
#.#....# #.###.##


You could see a jelly.

Vanquished Creatures
  A sky beast (D:3)
  A bullfrog (D:6)
  A scorpion (D:4)
  A howler monkey (D:5)
  A crimson imp (D:6)
  A jelly (D:4)
  5 orc priests (D:4)
  A bullfrog skeleton (D:6)
  2 hounds
  An orc wizard (D:3)
  3 iguanas
  3 worker ants
  2 hound skeletons (D:4)
  A howler monkey skeleton (D:4)
  9 adders
  2 worms
  2 dart slugs (D:3)
  A leopard gecko (D:5)
  11 orcs
  2 ball pythons
  5 bats (D:1)
  3 giant cockroaches
  10 goblins
  6 hobgoblins
  4 jackals
  3 kobolds (D:1)
  3 quokkas
  4 frilled lizards
  10 rats
99 creatures vanquished.

Notes
Turn   | Place    | Note
-------+----------+-------------------------------------------
     0 | D:1      | wullow the Draconian Venom Mage began the quest for the
                  | Orb.
     0 | D:1      | Reached XP level 1. HP: 14/14 MP: 3/3
   453 | D:1      | Reached XP level 2. HP: 22/22 MP: 0/5
   457 | D:1      | Learned a level 2 spell: Poisonous Vapours
  1154 | D:1      | Reached skill level 1 in Fighting
  1408 | D:2      | Reached XP level 3. HP: 28/28 MP: 1/7
  1875 | D:2      | Found a bloodstained altar of Trog.
  1952 | D:2      | Found an ornate altar of the Wu Jian Council.
  2023 | D:2      | Found a shadowy altar of Dithmenos.
  2401 | D:3      | Reached XP level 4. HP: 36/36 MP: 5/8
  2429 | D:3      | Noticed a +3 hand axe
  2431 | D:3      | Noticed a +0 dagger
  2432 | D:3      | Found a hide-covered altar of Uskayaw.
  2535 | D:3      | Found a sacrificial altar of Ru.
  2540 | D:3      | Found a burning altar of Makhleb.
  2540 | D:3      | Found an opulent altar of Gozag.
  2540 | D:3      | Noticed a sky beast
  2556 | D:3      | Killed a sky beast
  2556 | D:3      | Reached skill level 1 in Air Magic
  2556 | D:3      | Reached XP level 5. HP: 33/41 MP: 0/10
  2616 | D:3      | Learned a level 3 spell: Mephitic Cloud
  2935 | D:3      | Found a white marble altar of Elyvilon.
  3365 | D:4      | Reached skill level 4 in Poison Magic
  3463 | D:4      | Reached XP level 6. HP: 41/50 MP: 3/12
  3644 | D:4      | Reached skill level 1 in Conjurations
  4009 | D:4      | Learned a level 3 spell: Ignite Poison
  4454 | D:4      | Your scales start taking on a lurid green colour.
  4454 | D:4      | Reached skill level 5 in Poison Magic
  4454 | D:4      | Reached XP level 7. HP: 26/57 MP: 10/13
  4454 | D:4      | Gained mutation: Your system is resistant to poisons.
                  | (rPois) [Green Draconian growth]
  4827 | D:4      | Learned a level 4 spell: Olgreb's Toxic Radiance
  4984 | D:5      | Entered Level 5 of the Dungeon
  4991 | D:5      | Reached skill level 1 in Fire Magic
  5164 | D:5      | Found a runed translucent door.
  5167 | D:5      | Noticed vurker's ghost (novice TeAE)
  5628 | D:6      | Reached skill level 1 in Long Blades
  5628 | D:6      | Reached skill level 6 in Poison Magic
  5877 | D:6      | Gained mutation: You possess an exceptional clarity of
                  | mind. [potion of mutation]
  5877 | D:6      | Gained mutation: Your body sometimes deteriorates upon
                  | taking damage. [potion of mutation]
  5877 | D:6      | Gained mutation: You are agile. (Dex +2) [potion of
                  | mutation]
  5879 | D:6      | HP: 4/88 [acid (2)]
  5883 | D:6      | Splashed by a jelly's acid

Levels and vault maps discovered:
D:1:      psy_arrival_conway, layout_loops_ring
D:2:      cheibrodos_greedy_goblins, layout_loops_ring,
          grunt_dithmenos_smoke_and_mirrors, overflow_temple_1_default,
          lightli_temple_of_fire
D:3:      layout_loops_ring, dancing_weapons_uskayaw, elyvilon_altar_3,
          minitemple, first_ration
D:4:      layout_rooms, minmay_small_thing
D:5:      layout_gridville, ebering_ghost_reflecting_pool
D:6:      layout_basic, lemuel_round_altar, kennysheep_small_spiral, minivault_5

Skill      XL: |  1  2  3  4  5  6  7 |
---------------+----------------------+-----
Fighting       | 1 2 3 4 |  4.2
Spellcasting   | 3 4 |  4.3
Air Magic      | 1 2 3 |  3.0
Poison Magic   | 4 5 6 |  6.1
Conjurations   | 2 |  2.0
Fire Magic     | 1 |  1.9
Transmutations | 2 |  2.0
Long Blades    | 1 |  1.2
Dodging        | |  1.7
Stealth        | |  1.7

Action                   |  1- 3 |  4- 6 |  7- 9 || total
-------------------------+-------+-------+-------++-------
Melee: Unarmed           |    12 |       |       ||    12
       Dagger            |    55 |    61 |       ||   116
       Tailslap          |     7 |    11 |     5 ||    23
       Falchion          |       |    39 |    56 ||    95
Throw: Stone             |    33 |       |       ||    33
 Cast: Sting             |    37 |     4 |       ||    41
       Poisonous Vapours |    19 |    49 |    14 ||    82
       Mephitic Cloud    |       |     2 |     1 ||     3
  Use: Scroll            |       |     7 |     3 ||    10
       Potion            |       |       |     3 ||     3
 Stab: Sleeping          |     1 |     1 |     1 ||     3
  Eat: Chunk             |     6 |    11 |    11 ||    28
Armor: Skin              |    34 |    49 |    23 ||   106
Dodge: Dodged            |    53 |    89 |    34 ||   176
       Rpst.: Falchion   |       |    10 |    10 ||    20

Table legend:
 A = Non-vault XP
 B = Vault XP
 C = Vault XP percentage of total XP
 D = Non-vault monster count
 E = Vault monster count
 F = Vault count percentage of total count
                 A         B        C        D         E       F
            +---------+---------+-------+---------+---------+-------
      Total |    1255 |      62 |   4.7 |      88 |      11 |  11.1
            +---------+---------+-------+---------+---------+-------
        D:1 |      27 |       0 |   0.0 |      19 |       0 |   0.0
        D:2 |      20 |      19 |  48.7 |       6 |      10 |  62.5
        D:3 |     247 |       0 |   0.0 |      24 |       0 |   0.0
        D:4 |     540 |      43 |   7.4 |      27 |       1 |   3.6
        D:5 |     184 |       0 |   0.0 |       7 |       0 |   0.0
        D:6 |     237 |       0 |   0.0 |       5 |       0 |   0.0
            +---------+---------+-------+---------+---------+-------
